 Dungeon Crawl Stone Soup version 0.26-a0-1222-g14533b3512 (webtiles) character file.

Game seed: 18363597852539621564

5031 Kaver the Geomancer (level 10, 0/58 HPs)
             Began as a Gargoyle Earth Elementalist on Dec 31, 2020.
             Slain by Harold
             ... wielding a +1 war axe of draining
              (16 damage)
             ... on level 8 of the Dungeon.
             The game lasted 00:20:51 (10028 turns).

Kaver the Geomancer (Gargoyle Earth Elementalist)  Turns: 10028, Time: 00:20:52

Health: 0/58       AC: 13    Str: 12    XL:     10   Next: 55%
Magic:  1/19       EV: 13    Int: 19    God:
Gold:   270        SH:  0    Dex:  8    Spells: 12/21 levels left

rFire    + . .     SeeInvis .   i - +6 flail of Ashenzari's Esteem {venom, +Inv rN+ Dex-2}
rCold    + . .     Faith    .   (no shield)
rNeg     + + .     Spirit   .   c - +0 robe
rPois    ∞         Reflect  .   (no helmet)
rElec    +         Harm     .   e - +1 cloak
rCorr    .         Rampage  .   (no gloves)
Will     .....                  (no boots)
Stlth    ++........             (no amulet)
HPRegen  0.19/turn              a - ring of wizardry
MPRegen  0.16/turn              z - ring of protection from cold

@: no status effects
A: iridescent scales 1, fire resistance 1, negative energy resistance 1,
electricity resistance, unbreathing, petrification resistance, miasma immunity,
AC +7
a: Evoke Invisibility


You were on level 8 of the Dungeon.
You visited 1 branch of the dungeon, and saw 8 of its levels.
You also visited: Sewer and Ossuary.

You collected 650 gold pieces.
You spent 380 gold pieces at shops.

Inventory:

Hand Weapons
 i - the +6 flail of Ashenzari's Esteem (weapon) {venom, +Inv rN+ Dex-2}
   (You found it in a sewer)

   It poisons the flesh of those it strikes.
   It affects your dexterity (-2).
   It protects you from negative energy.
   It lets you turn invisible.
 B - a +5 morningstar of freezing
Missiles
 b - 153 stones (quivered)
Armour
 c - a +0 robe (worn)
 e - a +1 cloak (worn)
Jewellery
 a - a ring of wizardry (left hand)
 z - a ring of protection from cold (right hand)
Wands
 n - a wand of digging (8)
 p - a wand of acid (20)
 q - a wand of disintegration (6)
 y - a wand of iceblast (6)
 D - a wand of enslavement (3)
Scrolls
 h - a scroll of amnesia
 r - 6 scrolls of remove curse
 s - 6 scrolls of identify
 u - a scroll of magic mapping
 v - 2 scrolls of teleportation
 w - a scroll of fear
 x - a scroll of fog
Potions
 d - 4 potions of curing
 f - a potion of brilliance
 g - 5 potions of flight
 j - 4 potions of heal wounds
 k - a potion of invisibility
 l - 5 potions of haste
 m - 2 potions of might
 o - 3 potions of ambrosia {unknown}
 t - a potion of magic
 A - a potion of attraction {unknown}
 C - a potion of lignification {unknown}


   Skills:
 + Level 4.5 Fighting
 + Level 4.4 Maces & Flails
 + Level 4.8 Armour
 + Level 4.1 Dodging
 - Level 2.1 Stealth
 + Level 6.3 Spellcasting
 + Level 6.8 Conjurations
 - Level 0.7 Transmutations
 + Level 8.7 Earth Magic
 + Level 3.9 Evocations


You had 12 spell levels left.
You knew the following spells:

 Your Spells              Type           Power        Failure   Level
a - Sandblast             Erth           78%          1%          1
b - Stone Arrow           Conj/Erth      70%          1%          3
c - Lee's Rapid Deconstr  Erth           19%          3%          5

Your spell library contained the following spells:

 Spells                   Type           Power        Failure   Level
 Passwall                 Tmut/Erth      20%          1%          2
 Petrify                  Tmut/Erth      24%          6%          4
 Confusing Touch          Hex            6%           13%         3
 Gell's Gravitas          Tloc           3%           13%         3
 Yara's Violent Unravell  Hex/Tmut       3%           67%         5
 Metabolic Englaciation   Hex/Ice        3%           71%         5


Dungeon Overview and Level Annotations

Branches:
Dungeon (8/15)             Temple (0/1) D:7           Sewer (visited)
Ossuary (visited)
   Lair: D:8-11

Altars:
Ashenzari
Fedhas
Hepliaklqana
Makhleb
Nemelex Xobeh
Qazlal
Ru
Uskayaw
Yredelemnul
The Shining One

Shops:
D:6 =*[}?

Annotations:
D:8 Harold


Innate Abilities, Weirdness & Mutations

You are resistant to torment.
Your stone body is resilient. (AC +7)
You are immune to poison.
You resist negative energy. (rN+)
You are resistant to electric shocks. (rElec)
You can survive without breathing.
You are immune to petrification.
You are immune to miasma.
You are partially covered in iridescent scales. (AC +2)
Your flesh is heat resistant. (rF+)


Message History

Press: ? - help, Shift-Dir - straight line, f/p - Harold
Aim: Harold, wielding a +1 war axe of draining, wearing a +0 ring mail and quivering 4 throwing nets (severely wounded, covered in acid, 11% to evade)
The blast of sand hits Harold!
Harold is severely wounded.
b - 154 stones The bullfrog hits you.
Harold hits you with a +1 war axe of draining.
The bullfrog hits you.
* * * LOW HITPOINT WARNING * * *
Casting: Sandblast (safe; 1% risk of failure)
Confirm with . or Enter, or press ? or * to list all spells.
Aiming: Sandblast (safe; 1% risk of failure)
Press: ? - help, Shift-Dir - straight line, f/p - Harold
Aim: Harold, wielding a +1 war axe of draining, wearing a +0 ring mail and quivering 4 throwing nets (severely wounded, covered in acid, 11% to evade)
The blast of sand hits Harold!
Harold is almost dead.
b - 153 stones The bullfrog barely misses you.
Harold hits you with a +1 war axe of draining!
You die...

..# #.#
#####.############
#................#
#####.##########.#
#####.# ########..
#.....# #.........
#(##### #.......#.
#@# #.......#.
_..gggF@#
#####.......#.
..#.#.###
#............. #.
#......####.## #
#......##.....
#......##.#.##
#########.#.#.
#.#)## #.[...


You could see Harold (corroded), a bullfrog and 3 gnolls.

Vanquished Creatures
  A two-headed ogre (D:6)
  A hornet (D:8)
  Grinder (Sewer)
  Prince Ribbit (D:7)
  Eustachio (D:5)
  Menkaure (D:6)
  Edmund (D:5)
  A water moccasin (D:8)
  2 orc warriors (D:6)
  An ice beast (D:3)
  3 sky beasts
  3 ogres
  A black bear (D:6)
  A necrophage (Sewer)
  2 centaurs
  An eye of draining (D:8)
  The ghost of rlgrobin the Sneak, an amateur KoDe (D:6)
  4 big kobolds
  A gnoll sergeant (D:8)
  2 scorpions
  A wight (D:6)
  A centaur zombie (Ossuary)
  2 quasits
  2 bullfrog zombies
  3 hounds
  2 bullfrog skeletons (D:6)
  2 human zombies (Ossuary)
  4 orc priests
  3 jellies
  6 orc wizards
  3 iguanas
  Ijyb (D:5)
  8 worker ants
  5 big kobold zombies
  5 mummies (Ossuary)
  3 gnolls (D:8)
  7 adders
  6 shadow imps
  A white imp (D:6)
  An ufetubus (Sewer)
  4 oozes
  3 adder skeletons
  4 worms
  A dart slug (D:1)
  6 leopard geckos
  20 orcs
  A bat zombie (Sewer)
  8 giant cockroaches
  10 goblins
  8 hobgoblins
  17 jackals
  5 quokkas
  A ball python (Sewer)
  15 bats
  6 frilled lizards
  A giant cockroach zombie (D:6)
  A gnoll zombie (Ossuary)
  A hobgoblin zombie (Ossuary)
  30 kobolds
  A kobold zombie (Ossuary)
  A leopard gecko skeleton (D:5)
  An orc zombie (Ossuary)
  8 rats
249 creatures vanquished.

Vanquished Creatures (others)
  2 plants (D:6)
2 creatures vanquished.

Grand Total: 251 creatures vanquished

Notes
Turn   | Place    | Note
-------+----------+-------------------------------------------
     0 | D:1      | Kaver the Gargoyle Earth Elementalist began the quest for
                  | the Orb.
     0 | D:1      | Reached XP level 1. HP: 10/10 MP: 3/3
    84 | D:1      | Reached skill level 4 in Earth Magic
    84 | D:1      | Reached XP level 2. HP: 15/15 MP: 1/5
   937 | D:1      | Reached XP level 3. HP: 19/19 MP: 5/7
   943 | D:1      | Learned a level 3 spell: Stone Arrow
  1820 | D:2      | Reached skill level 1 in Conjurations
  1969 | D:2      | Reached XP level 4. HP: 20/24 MP: 8/8
  2425 | D:2      | Reached skill level 5 in Earth Magic
  2536 | D:2      | Reached XP level 5. HP: 28/28 MP: 5/9
  2596 | D:2      | Learned a level 5 spell: Lee's Rapid Deconstruction
  2928 | D:3      | Found a glowing drain.
  2932 | Sewer    | Entered a sewer
  3314 | Sewer    | Found an ancient bone altar of Kikubaaqudgha.
  3314 | Sewer    | Noticed a big kobold
  3355 | Sewer    | Killed a big kobold
  3356 | Sewer    | Reached XP level 6. HP: 11/32 MP: 0/11
  3588 | Sewer    | Noticed a necrophage
  3594 | Sewer    | Killed a necrophage
  3595 | Sewer    | Reached skill level 6 in Earth Magic
  3787 | Sewer    | Got a fading flail
  3787 | Sewer    | Identified the +6 flail of Ashenzari's Esteem {venom, +Inv
                  | rN+ Dex-2} (You found it in a sewer)
  3813 | Sewer    | Reached XP level 7. HP: 30/36 MP: 13/13
  3955 | Sewer    | Noticed Grinder
  3958 | Sewer    | Paralysed by Grinder for 7 turns
  3979 | Sewer    | Killed Grinder
  4286 | D:3      | Found a blossoming altar of Fedhas.
  4346 | D:3      | Found a broken altar of Ashenzari.
  4462 | D:3      | Found a stormy altar of Qazlal.
  5115 | D:3      | Reached skill level 5 in Spellcasting
  5115 | D:3      | Reached skill level 7 in Earth Magic
  5115 | D:3      | Reached XP level 8. HP: 8/42 MP: 8/15
  5459 | D:4      | Reached skill level 1 in Maces & Flails
  5459 | D:4      | Reached skill level 1 in Armour
  5461 | D:4      | Reached skill level 1 in Fighting
  5702 | D:4      | Reached skill level 5 in Conjurations
  5702 | D:4      | Reached skill level 1 in Evocations
  5743 | D:4      | Found a hide-covered altar of Uskayaw.
  5768 | D:4      | Found a basalt altar of Yredelemnul.
  6039 | D:4      | Found a hazy altar of Hepliaklqana.
  6203 | D:5      | Entered Level 5 of the Dungeon
  6394 | D:5      | Noticed Ijyb
  6394 | D:5      | Noticed Edmund
  6408 | D:5      | Killed Ijyb
  6437 | D:5      | Killed Edmund
  6682 | D:5      | Noticed Eustachio
  6700 | D:5      | Killed Eustachio
  6701 | D:5      | Reached XP level 9. HP: 48/49 MP: 15/17
  7298 | D:6      | Found Satodimn's Magic Scroll Emporium.
  7298 | D:6      | Noticed Menkaure
  7303 | D:6      | Killed Menkaure
  7342 | D:6      | Bought a scroll of identify for 26 gold pieces
  7342 | D:6      | Bought a scroll of identify for 26 gold pieces
  7342 | D:6      | Bought a scroll of identify for 26 gold pieces
  7342 | D:6      | Bought a scroll of identify for 26 gold pieces
  7342 | D:6      | Bought a scroll of magic mapping for 45 gold pieces
  7342 | D:6      | Bought a scroll of teleportation for 39 gold pieces
  7342 | D:6      | Bought a scroll of fear for 45 gold pieces
  7376 | D:6      | Gained mutation: Your body sometimes deteriorates upon
                  | taking damage. [potion of mutation]
  7376 | D:6      | Gained mutation: You are somewhat resistant to further
                  | mutation. [potion of mutation]
  7485 | D:6      | Noticed a two-headed ogre
  7491 | D:6      | Killed a two-headed ogre
  7492 | D:6      | Reached skill level 8 in Earth Magic
  7498 | D:6      | Found Lalysis's Assorted Antiques.
  7515 | D:6      | Bought a ruby potion for 22 gold pieces
  7515 | D:6      | Bought a potion of heal wounds for 125 gold pieces
  7546 | D:6      | Found Xiobb's Jewellery Shop.
  7729 | D:6      | Noticed rlgrobin's ghost (amateur KoDe)
  7739 | D:6      | Found a runed translucent gate.
  7739 | D:6      | Found a runed translucent gate.
  7739 | D:6      | Found a runed translucent gate.
  7944 | D:6      | Found Puifac's Antique Armour Emporium.
  8235 | D:6      | Reached XP level 10. HP: 51/56 MP: 19/19
  8323 | D:6      | Found Acvat's Gadget Boutique.
  8418 | D:6      | Killed rlgrobin's ghost
  8610 | D:7      | Found a burning altar of Makhleb.
  8633 | D:7      | Found a glowing golden altar of the Shining One.
  8684 | D:7      | Found a staircase to the Ecumenical Temple.
  8775 | D:7      | Noticed Prince Ribbit
  8784 | D:7      | Killed Prince Ribbit
  8829 | D:7      | Found a sand-covered staircase.
  8834 | Ossuary  | Entered an ossuary
  9144 | Ossuary  | Lost mutation: Your body sometimes deteriorates upon taking
                  | damage. [potion of mutation]
  9144 | Ossuary  | Lost mutation: You are somewhat resistant to further
                  | mutation. [potion of mutation]
  9144 | Ossuary  | Gained mutation: Scrolls take you a little longer to read.
                  | [potion of mutation]
  9144 | Ossuary  | Gained mutation: You expend magic power (3 MP) to
                  | strengthen your wands. [potion of mutation]
  9144 | Ossuary  | Gained mutation: Your mind is acute. (Int +2) [potion of
                  | mutation]
  9241 | Ossuary  | Lost mutation: You expend magic power (3 MP) to strengthen
                  | your wands. [potion of mutation]
  9241 | Ossuary  | Lost mutation: Scrolls take you a little longer to read.
                  | [potion of mutation]
  9241 | Ossuary  | Lost mutation: Your mind is acute. (Int +2) [potion of
                  | mutation]
  9241 | Ossuary  | Gained mutation: You are partially covered in iridescent
                  | scales. (AC +2) [potion of mutation]
  9241 | Ossuary  | Gained mutation: Your flesh is heat resistant. (rF+)
                  | [potion of mutation]
  9462 | D:7      | Found a sparkling altar of Nemelex Xobeh.
 10007 | D:8      | Found a sacrificial altar of Ru.
 10018 | D:8      | Noticed Harold
 10028 | D:8      | Slain by Harold

Illustrated notes

Levels and vault maps discovered:
D:1:      saegor_arrival_simple_c, layout_basic, serial_rivers,
          chequers_serial_rivers_marsh, chequers_serial_rivers_micro_e,
          chequers_serial_rivers_micro_b, chequers_serial_rivers_small_b,
          chequers_serial_rivers_large_a, chequers_serial_rivers_room_b
D:2:      layout_basic
D:3:      layout_basic, general_overflow_altar, lemuel_round_altar,
          evilmike_ruin_ashenzari, gup_sewer_entry_spiral
D:4:      layout_basic, eat_drink_and_be_merry_uskayaw,
          yredelemnul_altar_generic, nzn_hepliaklqana_mist_gate
D:5:      layout_basic, uniq_ijyb, uniq_edmund, uniq_eustachio
D:6:      layout_basic, gammafunk_ghost_split, serial_shops, shop_statue,
          nicolae_shop_overgrown_old_shop,
          nicolae_shop_temple_entry_statues_fountains, shop,
          nicolae_shop_statue_plus, eino_tiny_chamber, uniq_menkaure
D:7:      layout_rooms, nemelex_xobeh_ov_fountains_minmay, tso_metal_star,
          lemuel_crystal_altar, temple_pool_b, enter_ossuary_5,
          lemuel_flamethrower_1, uniq_prince_ribbit1
D:8:      layout_basic, nicolae_ru_sacrificial_ziggurat,
          gammafunk_temple_overflow_forgotten, uniq_harold, uniq_pikel

Skill      XL: |  1  2  3  4  5  6  7  8  9 10 |
---------------+-------------------------------+-----
Earth Magic    | 4 5 6 7 8 |  8.7
Conjurations   | 1 2 3 4 5 6 |  6.8
Spellcasting   | 3 4 5 6 |  6.3
Maces & Flails | 2 3 4 |  4.4
Armour         | 2 4 |  4.8
Fighting       | 2 3 4 |  4.5
Dodging        | 2 3 4 |  4.1
Evocations     | 2 3 |  3.9
Stealth        | |  2.1
Transmutations | |  0.7

Action                   |  1- 3 |  4- 6 |  7- 9 | 10-12 || total
-------------------------+-------+-------+-------+-------++-------
Melee: Club              |   143 |   166 |       |       ||   309
       Flail             |       |     3 |   261 |   162 ||   426
 Cast: Sandblast         |    13 |    62 |    36 |    12 ||   123
       Stone Arrow       |       |       |    10 |     1 ||    11
       Lee's Rapid Decon |       |       |       |     5 ||     5
Evoke: Wand              |       |       |     4 |     3 ||     7
  Use: Scroll            |       |     7 |    14 |     3 ||    24
       Potion            |       |       |     4 |     2 ||     6
 Stab: Sleeping          |     2 |     2 |     5 |     2 ||    11
       Distracted        |       |       |       |     1 ||     1
Armor: Robe              |    83 |   121 |   141 |    66 ||   411
Dodge: Dodged            |   124 |   175 |   252 |   114 ||   665

Table legend: (Time is in decaauts)
 A = Elapsed time spent in this place.
 B = Non-inter-level travel time spent in this place.
 C = Inter-level travel time spent in this place.
 D = Time resting spent in this place.
 E = Time spent auto-exploring this place.
 F = Levels seen in this place.
 G = Mean time per level.
                   A        B        C        D        E       F      G
               +--------+--------+--------+--------+--------+-----+--------+
         Total |  10297 |  10075 |    222 |   1256 |   6162 |  10 | 1029.7 |
       Dungeon |   8519 |   8297 |    222 |    506 |   5787 |   8 | 1064.9 |
         Sewer |   1300 |   1300 |      0 |    605 |    307 |   1 | 1300.0 |
       Ossuary |    477 |    477 |      0 |    145 |     67 |   1 |  477.0 |
               +--------+--------+--------+--------+--------+-----+--------+

Top non-repeatable levels by time:
     D:1: 1486 daAuts
     D:3: 1456 daAuts
     D:6: 1323 daAuts
     D:2: 1317 daAuts
   Sewer: 1300 daAuts
     D:5: 1050 daAuts
     D:4: 826 daAuts
     D:7: 756 daAuts
 Ossuary: 477 daAuts
     D:8: 300 daAuts
